 Dungeon Crawl Stone Soup version 0.14-a0-629-g748cab2 (webtiles) character file.

13266 Malachi the Nimble (level 11, 0/83 HPs)
             Began as a Red Draconian Transmuter on Nov 5, 2013.
             Was an Elder of Kikubaaqudgha.
             Slain by a yak (8 damage)
             ... on Level 11 of the Dungeon.
             The game lasted 00:53:39 (15206 turns).

Malachi the Nimble (Red Draconian Transmuter)      Turns: 15206, Time: 00:53:39

HP   0/83        AC  8     Str 16      XL: 11   Next: 68%
MP  16/16        EV 19     Int 19      God: Kikubaaqudgha [****..]
Gold 381         SH  0     Dex 15      Spells:  3 memorised,  8 levels left

Res.Fire  : + . .   See Invis. : .     - Unarmed
Res.Cold  : . . .   Warding    : .   (armour unavailable)
Life Prot.: . . .   Conserve   : .   (no shield)
Res.Poison: +       Res.Corr.  : .   (helmet restricted)
Res.Elec. : .       Clarity    : .   u - +1 cloak
Sust.Abil.: . .     Spirit.Shd : .   y - -2 pair of gloves of Inference {Dex+3 Int+3}
Res.Mut.  : +       Stasis     : .   (boots unavailable)
Res.Rott. : .       Flight     : .   F - amulet of resist mutation
Saprovore : . . .                    Q - ring of poison resistance
                                     R - +3 ring of strength

@: appendage, short of breath, somewhat resistant to hostile enchantments,
unstealthy
A: breathe fire, unfitting armour, horns 1, talons 3, fire resistance 1, AC +7
a: Breathe Fire, End Transformation, Receive Corpses, Renounce Religion


You were on level 11 of the Dungeon.
You worshipped Kikubaaqudgha.
Kikubaaqudgha was greatly pleased with you.
You were very hungry.
You had grown temporary talons.
You visited 2 branches of the dungeon, and saw 13 of its levels.
You also visited: Sewer.

You collected 542 gold pieces.
You spent 161 gold pieces at shops.

Inventory:

Missiles
 b - 16 arrows
Armour
 u - a +1 cloak (worn)
 y - the -2 pair of gloves of Inference (worn) {Dex+3 Int+3}
   (You bought it in a shop on level 6 of the Dungeon)

   It affects your intelligence (+3).
   It affects your dexterity (+3).
Magical devices
 t - a wand of lightning (0)
 N - a wand of draining (3)
 T - a wand of paralysis (12)
 Y - a wand of cold (2)
Comestibles
 s - 2 meat rations
 O - 8 cheeses
 P - 2 beef jerkies
Scrolls
 e - 13 scrolls of remove curse
 f - 3 scrolls of teleportation
 l - 5 scrolls of enchant weapon I
 v - 2 scrolls of enchant armour
 z - 2 scrolls of identify
 I - 2 scrolls of magic mapping
 J - 2 scrolls of fear
 U - a scroll of vulnerability
 V - 3 scrolls of enchant weapon II
 W - 3 scrolls of recharging
Jewellery
 c - an uncursed ring of see invisible
 m - an uncursed ring of fire
 r - an uncursed ring of positive energy
 w - an uncursed ring of fire
 A - a +2 ring of dexterity
 B - an uncursed ring of positive energy
 F - an amulet of resist mutation (around neck)
 Q - a ring of poison resistance (right hand)
 R - a +3 ring of strength (left hand)
Potions
 g - 2 potions of resistance
 i - 3 potions of might
 j - 10 potions of curing
 k - 6 potions of heal wounds
 p - a potion of brilliance
 q - a potion of cure mutation
 G - a potion of restore abilities
Books
 d - a book of Fire

   Spells                             Type                      Level
   Fire Brand                         Charms/Fire                  2
   Ignite Poison                      Fire/Transmutation           5
   Fireball                           Conjuration/Fire             5
   Bolt of Fire                       Conjuration/Fire             6
   Delayed Fireball                   Conjuration/Fire             7
   Ring of Flames                     Charms/Fire                  7
 h - a book of Enchantments

   Spells                             Type                      Level
   Cause Fear                         Hexes                        4
   Silence                            Hexes/Air                    5
   Tukima's Dance                     Hexes                        5
   Deflect Missiles                   Charms/Air                   6
   Haste                              Charms                       6
   Discord                            Hexes                        8
 x - Kikubaaqudgha's Volume of Evil
   (Kikubaaqudgha gifted it to you on level 7 of the Dungeon)

   Spells                             Type                      Level
   Pain                               Necromancy                   1
   Lethal Infusion                    Charms/Necromancy            2
   Sublimation of Blood               Necromancy                   2
   Vampiric Draining                  Necromancy                   3
   Control Undead                     Necromancy                   4
 C - a book of Changes

   Spells                             Type                      Level
   *Beastly Appendage                 Transmutation                1
   *Sticks to Snakes                  Transmutation                2
   *Spider Form                       Transmutation/Poison         3
   Ice Form                           Ice/Transmutation            4
   Blade Hands                        Transmutation                5
 E - Kikubaaqudgha's Almanac of Evil
   (Kikubaaqudgha gifted it to you on level 9 of the Dungeon)

   Spells                             Type                      Level
   Agony                              Necromancy                   5
   Dispel Undead                      Necromancy                   5
   Twisted Resurrection               Necromancy                   5
   Simulacrum                         Ice/Necromancy               6
   Death Channel                      Necromancy                   6
 H - a book of Frost

   Spells                             Type                      Level
   Freeze                             Ice                          1
   Throw Frost                        Conjuration/Ice              2
   Ozocubu's Armour                   Charms/Ice                   3
   Throw Icicle                       Conjuration/Ice              4
   Summon Ice Beast                   Ice/Summoning                4
   Condensation Shield                Ice                          4
 K - a book of Flames

   Spells                             Type                      Level
   Flame Tongue                       Conjuration/Fire             1
   Throw Flame                        Conjuration/Fire             2
   Conjure Flame                      Conjuration/Fire             3
   Inner Flame                        Hexes/Fire                   3
   Sticky Flame                       Conjuration/Fire             4
   Fireball                           Conjuration/Fire             5
 M - a book of Alchemy

   Spells                             Type                      Level
   Lethal Infusion                    Charms/Necromancy            2
   Sublimation of Blood               Necromancy                   2
   Condensation Shield                Ice                          4
   Alistair's Intoxication            Transmutation/Poison         4
   Petrify                            Transmutation/Earth          4
   Ignite Poison                      Fire/Transmutation           5
Magical staves
 S - an uncursed staff of energy
 Z - an uncursed staff of fire


   Skills:
 - Level 5.0 Fighting
 - Level 11.4 Dodging
 - Level 10.0 Unarmed Combat
 - Level 2.0 Spellcasting
 * Level 9.0 Transmutations
 - Level 4.0 Poison Magic
 - Level 0.4 Evocations


You had 8 spell levels left.
You knew the following spells:

 Your Spells              Type           Power        Failure   Level  Hunger
a - Beastly Appendage     Trmt           #####.       1%          1    #......
b - Sticks to Snakes      Trmt           #####.....   1%          2    ##.....
c - Spider Form           Trmt/Pois      ####......   3%          3    ####...


Dungeon Overview and Level Annotations

Branches:
Dungeon (12/27)            Temple (1/1) D:6            Lair (0/8) D:8
    Orc: D:6-11

Altars:
Ashenzari
Elyvilon
Fedhas
Kikubaaqudgha
Nemelex Xobeh
Okawaru
Sif Muna
Trog
Vehumet
Yredelemnul
Zin
the Shining One

Shops:
D:6 [   D:9 /   D:10 /

Annotations:
D:7 exclusion: statue


Innate Abilities, Weirdness & Mutations

You can breathe blasts of fire.*
Your fiery red scales are hard (AC +7).*
Your body does not fit into most forms of armour.
Your cold-blooded metabolism reacts poorly to cold.
Your flesh is heat resistant.*
You have a pair of small horns on your head.*
You have claws for feet.*


Message History

You kill the orc wizard!
Kikubaaqudgha accepts your kill.
Evoke which item? (* to show all) (? for menu, Esc to quit)
Zapping:
Y - a wand of cold {zapped: 6}
Press: ? - help, Shift-Dir - straight line, f - yak
Aim: a yak (heavily wounded)
The bolt of cold hits the yak.
The yak is severely wounded.
You hear a sizzling sound!
The yak gores you.
* * * LOW HITPOINT WARNING * * *
Evoke which item? (* to show all) (? for menu, Esc to quit)
Zapping:
Y - a wand of cold {zapped: 7}
Press: ? - help, Shift-Dir - straight line, f/p - yak
Aim: a yak (severely wounded)
The bolt of cold hits the yak.
The yak is almost dead.
The yak gores you!
You die...
Kikubaaqudgha rasps: "You have failed me!
Welcome... death!"

#/.....#.#..........# #
#........Y....).....##.#
#!.....#.#Y............# ######
#......#.#......[...#### .o....
#.##.###.#(....)....# .....<.
#.##.# #.####.##%#### ....o.o
#<##.# #.# #.##%# #.##### #)##?#
#.# #)##Y# ##### #.# #)##.###.#
#.##@# #.>.# #.#
#........####.##.####...# #.#
#.......................# #.#
#........#........#########.#####
#........#..................Z...o
#........#........#####.ยง......##
#..............................##
##.......#........#####........##
#.......#........#####........##


You could see a yak.

Vanquished Creatures
  Josephine (D:10)
  2 hill giants (D:10)
  4 trolls
  Prince Ribbit (D:6)
  2 ravens (D:7)
  A shadow (D:11)
  2 wyverns
  9 yaks
  Eustachio (D:10)
  A hungry ghost (D:10)
  A hill giant skeleton (D:8)
  6 hippogriffs
  A manticore (D:10)
  Edmund (D:6)
  A wolf (D:8)
  A necrophage (D:7)
  A hydra simulacrum (D:10)
  A human (D:7)
  5 ice beasts
  2 black bears
  5 sky beasts
  The ghost of 4tharraofdagon the Chopper, an average NaGl (D:6)
  9 ogres
  3 centaurs
  A crocodile (D:8)
  2 gnoll sergeants
  4 big kobolds
  Blork the orc (D:7)
  A water moccasin (D:9)
  5 giant frogs
  A wyvern zombie (D:11)
  A manticore skeleton (D:10)
  A cyclops skeleton (D:10)
  4 killer bees (D:11)
  An eye of draining (D:11)
  2 jellyfish (D:8)
  3 electric eels (D:8)
  8 crimson imps
  2 jellies
  A two-headed ogre zombie (D:9)
  13 hounds
  8 orc priests
  2 giant frog skeletons
  Crazy Yiuf (D:3)
  A water moccasin zombie (D:8)
  3 quasits
  A water moccasin skeleton (D:9)
  A scorpion (D:8)
  4 iguanas
  7 worker ants
  10 orc wizards
  An ogre zombie (D:11)
  Ijyb (D:2)
  A big kobold skeleton (D:10)
  3 sheep (D:7)
  An ogre skeleton (D:8)
  A hound skeleton (D:5)
  Terence (D:3)
  15 gnolls
  14 adders
  4 giant centipedes
  A giant mite (D:8)
  4 worms
  An adder zombie (D:5)
  An iguana skeleton (D:9)
  An adder skeleton (D:5)
  19 grey rats (Sewer)
  A giant eyeball (D:9)
  8 giant geckos
  3 oozes
  41 orcs
  A bat skeleton (D:4)
  4 giant cockroaches
  13 goblins
  22 hobgoblins
  14 jackals
  31 kobolds
  4 quokkas
  8 ball pythons
  11 bats
  19 giant newts
  2 hobgoblin skeletons
  A hobgoblin zombie (D:11)
  A jackal skeleton (D:8)
  A kobold zombie (D:8)
  2 orc skeletons
  3 orc zombies
  A quokka simulacrum (D:10)
  A quokka skeleton (D:8)
  22 rats
  A rat skeleton (D:4)
  A plant (D:6)
436 creatures vanquished.

Vanquished Creatures (collateral kills)
  A big kobold (Sewer)
1 creature vanquished.

Grand Total: 437 creatures vanquished

Notes
Turn   | Place    | Note
--------------------------------------------------------------
     0 | D:1      | Malachi, the Draconian Transmuter, began the quest for the Orb.
     0 | D:1      | Reached XP level 1. HP: 16/16 MP: 1/1
   348 | D:1      | Reached XP level 2. HP: 18/23 MP: 0/3
  1192 | D:1      | Reached XP level 3. HP: 28/28 MP: 2/4
  1226 | D:1      | Learned a level 2 spell: Sticks to Snakes
  1230 | D:1      | Learned a level 3 spell: Spider Form
  1647 | D:2      | Noticed Ijyb
  1673 | D:2      | Killed Ijyb
  1673 | D:2      | Reached skill level 4 in Unarmed Combat
  1951 | D:2      | Reached XP level 4. HP: 20/35 MP: 1/6
  2417 | D:2      | Noticed a moth of wrath
  2419 | D:2      | Found a bloodstained altar of Trog.
  2702 | D:3      | Found a glowing drain.
  2803 | D:3      | Reached XP level 5. HP: 34/41 MP: 5/7
  2939 | Sewer    | Entered a sewer
  3033 | Sewer    | Reached skill level 5 in Unarmed Combat
  3582 | Sewer    | Reached XP level 6. HP: 31/48 MP: 9/9
  4599 | D:3      | Noticed Terence
  4611 | D:3      | Killed Terence
  4734 | D:3      | Your scales start taking on a fiery red colour.
  4734 | D:3      | Gained mutation: Your flesh is heat resistant. [draconian maturity]
  4734 | D:3      | Reached XP level 7. HP: 22/55 MP: 1/10
  5040 | D:3      | Noticed Crazy Yiuf
  5045 | D:3      | Killed Crazy Yiuf
  5300 | D:3      | Reached skill level 6 in Unarmed Combat
  5694 | D:4      | Found a glowing silver altar of Zin.
  5694 | D:4      | Found a glowing golden altar of the Shining One.
  5694 | D:4      | Found a white marble altar of Elyvilon.
  5717 | D:4      | Reached skill level 1 in Poison Magic
  5957 | D:4      | Reached skill level 5 in Dodging
  6502 | D:4      | Reached XP level 8. HP: 62/62 MP: 8/12
  6704 | D:5      | Entered Level 5 of the Dungeon
  6947 | D:5      | Reached skill level 7 in Unarmed Combat
  7527 | D:6      | Reached skill level 8 in Unarmed Combat
  7656 | D:6      | Found a staircase to the Ecumenical Temple.
  7669 | D:6      | Noticed Prince Ribbit
  7675 | D:6      | Killed Prince Ribbit
  7704 | Temple   | Entered the Ecumenical Temple
  7758 | Temple   | Became a worshipper of Kikubaaqudgha
  7874 | D:6      | Reached XP level 9. HP: 58/69 MP: 13/13
  7914 | D:6      | Noticed Edmund
  7936 | D:6      | Killed Edmund
  7968 | D:6      | Noticed 4tharraofdagon's ghost (average NaGl)
  7985 | D:6      | Killed 4tharraofdagon's ghost
  8229 | D:6      | Found a sparkling altar of Nemelex Xobeh.
  8242 | D:6      | Found Laumecoo's Antique Armour Shop.
  8304 | D:6      | Bought a pair of distressingly furry gloves for 161 gold pieces
  8307 | D:6      | Identified the -2 pair of gloves of Inference {Dex+3 Int+3} (You bought it in a shop on level 6 of the Dungeon)
  8757 | D:7      | Acquired Kikubaaqudgha's first power
  8757 | D:7      | Received a gift from Kikubaaqudgha
  8760 | D:7      | Identified Kikubaaqudgha's Volume of Evil (Kikubaaqudgha gifted it to you on level 7 of the Dungeon)
  8799 | D:7      | Reached skill level 9 in Unarmed Combat
  8813 | D:7      | Noticed Blork the orc
  8834 | D:7      | Killed Blork the orc
  9557 | D:7      | Found a radiant altar of Vehumet.
  9729 | D:7      | Reached skill level 10 in Unarmed Combat
  9976 | D:7      | Reached skill level 5 in Fighting
 10023 | D:8      | Reached XP level 10. HP: 78/78 MP: 11/15
 10218 | D:8      | Acquired Kikubaaqudgha's second power
 10323 | D:8      | Reached skill level 5 in Transmutations
 11218 | D:8      | Gained mutation: You have a pair of small horns on your head. [potion of beneficial mutation]
 11222 | D:8      | Paralysed by a potion of paralysis for 7 turns
 11322 | D:8      | Found a staircase to the Lair.
 11879 | D:9      | Received a gift from Kikubaaqudgha
 11887 | D:9      | Identified Kikubaaqudgha's Almanac of Evil (Kikubaaqudgha gifted it to you on level 9 of the Dungeon)
 12055 | D:9      | Reached skill level 10 in Dodging
 12383 | D:9      | Found Fraplugrau's Magical Wand Boutique.
 12838 | D:10     | Entered Level 10 of the Dungeon
 12863 | D:10     | Reached XP level 11. HP: 42/83 MP: 12/16
 13061 | D:10     | Found Ghoxa's Magical Wand Boutique.
 13181 | D:10     | Noticed Eustachio
 13188 | D:10     | Killed Eustachio
 13471 | D:10     | Noticed a hill giant
 13490 | D:10     | Killed a hill giant
 13523 | D:10     | Acquired Kikubaaqudgha's third power
 13760 | D:10     | Noticed a hill giant
 13768 | D:10     | Killed a hill giant
 13768 | D:10     | Reached skill level 11 in Dodging
 13883 | D:10     | Noticed Josephine
 13891 | D:10     | Killed Josephine
 15206 | D:11     | Slain by a yak

Action                   |  1- 3 |  4- 6 |  7- 9 | 10-12 || total
-------------------------+-------+-------+-------+-------++-------
Melee: Unarmed           |   185 |   377 |   423 |   452 ||  1437
 Cast: Beastly Appendage |    15 |    11 |     8 |     6 ||    40
       Spider Form       |     2 |     6 |    12 |    21 ||    41
       Sticks to Snakes  |       |     1 |       |       ||     1
 Abil: Breathe Fire      |       |       |    46 |    40 ||    86
       End Transformatio |       |       |     6 |    18 ||    24
Evoke: Wand              |       |       |       |    21 ||    21
  Use: Scroll            |       |    10 |    11 |    11 ||    32
       Potion            |       |     6 |     1 |     6 ||    13
 Stab: Sleeping          |       |     1 |     1 |       ||     2
       Distracted        |       |     1 |       |       ||     1
